AoeStats
← ShangTsung

Arabia

510870477Analyzed
1v1 RM · 9h ago on Oct 2, 2026· 21m 58s· 2 players
Game mode
Random Map
Map size
Tiny (2 player)
Population
200
Speed
Normal
Resources
Standard
Victory
Conquest
Starting age
Dark Age
Ending age
Imperial Age
RankedLock teamsTeams togetherTeam positionsShared explorationLock speedFull tech treeHidden civsTurbo modeCheats
Victory
Defeat
🇦🇷 Magyars · Argentina
1274
+18
🇧🇷 Magyars · Brazil
1318
-18
MAX POWER
9:42 Feudal Age
15:19 Bloodlines
16:46 Loom
18:54 Fletching
19:05 Padded Archer Armor
22:29 Castle Age
ShangTsung
2:52 Loom
10:07 Feudal Age
10:08 Man-at-Arms
16:19 Horse Collar
17:10 Scale Mail Armor
18:34 Double-Bit Axe
20:58 Fletching
Connection lost

Rejoining the realm…

Still unreachable

The connection could not be restored.

Session expired

The server has moved on; the page needs a fresh start.